 Dungeon Crawl Stone Soup version 0.17-a0-1939-ga475588 (webtiles) character file.

34 ololoev the Chopper (level 3, -2/33 HPs)
             Began as a Hill Orc Berserker on Sept 29, 2015.
             Was a Follower of Trog.
             Slain by a gnoll sergeant
             ... wielding a +0 spear
              (7 damage)
             ... on level 5 of the Dungeon.
             The game lasted 00:03:13 (321 turns).

ololoev the Chopper (Hill Orc Berserker)             Turns: 321, Time: 00:03:13

Health: -2/33      AC: 12    Str: 20    XL:     3   Next: 31%
Magic:  3/3        EV:  8    Int:  7    God:    Trog [*.....]
Gold:   70         SH:  0    Dex: 10    Spells: 0 memorised, 2 levels left

rFire  . . .     SeeInvis .     a - +1 hand axe
rCold  . . .     Clarity  .     e - +3 chain mail {MR+}
rNeg   . . .     SustAt   .     (no shield)
rPois  +         Gourm    .     (no helmet)
rElec  .         Spirit   .     (no cloak)
rCorr  .         Warding  .     (no gloves)
rMut   .         Stasis   .     (no boots)
MR     +....                    (no amulet)
Stlth  ..........               (no ring)
                                b - ring of poison resistance

@: exhausted, slowed, very slow, somewhat resistant to hostile enchantments,
extremely unstealthy
A: no striking features
a: Burn Spellbooks, Berserk, Renounce Religion

Inventory:

Hand weapons
 a - a +1 hand axe (weapon)
Armour
 e - a +3 chain mail of magic resistance (worn)
Jewellery
 b - a ring of poison resistance (left hand)
Comestibles
 c - a bread ration
 f - a royal jelly
 k - a chunk of flesh


   Skills:
 + Level 4.1 Fighting
 * Level 4.9 Axes
 + Level 2.7 Armour
 - Level 1.5 Dodging


You had 2 spell levels left.
You didn't know any spells.


You were on level 5 of the Dungeon.
You worshipped Trog.
Trog was aware of your devotion.
You were not hungry.

You visited 1 branch of the dungeon, and saw 5 of its levels.

You collected 70 gold pieces.

##..###.#.#
#####.#####.#.#
#
#.............#
#. #..#.........
#.#
##.###.#####..
#####.###.## #.#
.)....§§§## #.#
######§## #.#
#@# #..
####g######.#
#g.gg§.h.<..#
..g.g##.######.#
#### #.# #.# #.#
#.# #..

Notes
Turn   | Place    | Note
--------------------------------------------------------------
     0 | D:1      | ololoev the Hill Orc Berserker began the quest for the Orb.
     0 | D:1      | Reached XP level 1. HP: 19/19 MP: 1/1
   261 | D:4      | Noticed a scorpion
   264 | D:5      | Entered Level 5 of the Dungeon
   298 | D:5      | Noticed a gnoll sergeant
   298 | D:5      | Noticed a hound
   307 | D:5      | Killed a hound
   307 | D:5      | Reached XP level 2. HP: 27/27 MP: 2/2
   307 | D:5      | Reached XP level 3. HP: 33/33 MP: 3/3
   321 | D:5      | Slain by a gnoll sergeant

Dungeon Overview and Level Annotations

Branches:
Dungeon (5/15)
 Temple: D:4-7

Altars:


Message History

You are no longer berserk.
You are exhausted.
You feel yourself slow down.
The gnoll hits you from afar with a spear.
The gnoll sergeant barely misses you.
Read which item? (? for menu, Esc to quit)
As you read the scroll labeled POWKEWYDAE, it crumbles to dust.
It is a scroll of enchant armour.
Enchant which item? (? for menu, Esc to quit)
Your +2 chain mail of magic resistance glows green for a moment.
The gnoll barely misses you. The gnoll closely misses you.
The gnoll sergeant hits you but does no damage.
Read which item? (? for menu, Esc to quit)
As you read the scroll labeled ESOHUF SUYD, it crumbles to dust.
You feel blessed for a moment.
It was a scroll of remove curse.
The gnoll hits you but does no damage. The gnoll barely misses you.
The gnoll sergeant closely misses you. The gnoll hits you but does no damage.
The gnoll sergeant hits you but does no damage.
The gnoll barely misses you.
Read which item? (? for menu, Esc to quit)
As you read the scroll labeled QAPPET KESOYJ, it crumbles to dust.
It is a scroll of enchant weapon.
Enchant which weapon? (? for menu, Esc to quit)
Your +0 hand axe glows red for a moment.
The gnoll hits you but does no damage.
The gnoll sergeant hits you with a spear.
The gnoll barely misses you.
Read which item? (? for menu, Esc to quit)
As you read the scroll labeled CAPLO ZAXI, it crumbles to dust.
The scroll dissolves into smoke.
It was a scroll of fog.
The gnoll hits you but does no damage.
The gnoll sergeant hits you but does no damage.
The gnoll barely misses you.
The gnoll hits you from afar with a spear.
Read which item? (? for menu, Esc to quit)
As you read the scroll labeled GEIXZY ESMIDD, it crumbles to dust.
It is a scroll of identify.
You don't have any unidentified items.
The gnoll sergeant hits you with a spear!
You die...

You could see a gnoll sergeant and 2 gnolls.

Vanquished Creatures
  A hound (D:5)
  4 goblins (D:3)
  A bat (D:2)
  A rat (D:2)
7 creatures vanquished.

Action                   || total
-------------------------++-------
Melee: Hand axe          ||    23
Invok: Berserk           ||     1
  Use: Scroll            ||     5

Vault maps used:
D:1:      sevenhm_arrival_forest_fort_large_2
D:2:      first_bread
D:3:      lemuel_blue_sif_altar, uniq_sigmund
D:4:      uniq_menkaure
D:5:      kennysheep_six_static_rooms, kennysheep_generic_room_2
